[Event "Titled Tuesday Blitz November 07 Early 2023"]
[White "Pumpkin_in_moonlight"]
[Black "Smirnov, Timofey"]
[BlackFideId "24176427"]
[WhiteElo "2312"]
[BlackElo "2196"]
[Result "1-0"]
[Round "8"]
[TimeControl "180+1"]
[Date "2023.11.07"]
[WhiteClock "0:01:04"]
[BlackClock "0:01:36"]
[Board "156"]

1. e4 e5 2. Nf3 Nf6 3. Nc3 Bb4 4. Bc4 O-O 5. Qe2 d6 6. O-O Nc6 7. h3 a6 8. Nd5 Bc5 9. d4 Nxd4 10. Nxd4 Bxd4 11. Bg5 Be6 12. Nxf6+ gxf6 13. Bh6 Re8 14. Bxe6 fxe6 15. Qg4+ Kf7 16. Qg7# 1-0


[Site "https://www.chess.com"]

[Event "Titled Tuesday Blitz November 07 Early 2023"]
[White "Vila Dupla, Aurelio"]
[Black "Osmonbekov, Talaibek"]
[WhiteFideId "2203383"]
[BlackFideId "2017253"]
[WhiteElo "2174"]
[BlackElo "2311"]
[Result "1-0"]
[Round "8"]
[TimeControl "180+1"]
[Date "2023.11.07"]
[WhiteClock "0:00:34"]
[BlackClock "0:00:00"]
[Board "157"]

1. Nf3 f5 2. c4 Nf6 3. g3 e6 4. Bg2 Be7 5. O-O O-O 6. b3 d6 7. Bb2 e5 8. Nc3 a5 9. a3 Na6 10. Rb1 Qe8 11. Ba1 Qh5 12. b4 f4 13. c5 Bh3 14. cxd6 cxd6 15. Qb3+ Kh8 16. Nd5 Be6 17. Nxf6 Qf7 18. Ng5 Bxb3 19. Nxf7+ Bxf7 20. Nd5 Bd8 21. gxf4 axb4 22. axb4 Bxd5 23. Bxd5 Rxf4 24. Bxb7 Ra7 25. Bf3 Bb6 26. Rfc1 g6 27. Rc6 Rxb4 28. Rxb4 Nxb4 29. Rxb6 Rxa1+ 30. Kg2 Nc2 31. e3 Ne1+ 32. Kg3 Nxf3 33. Kxf3 d5 34. Rb5 e4+ 35. Ke2 Kg7 36. Rxd5 Rh1 37. Re5 Rxh2 38. Rxe4 h5 39. Kf3 1-0


[Site "https://www.chess.com"]

[Event "Titled Tuesday Blitz November 07 Early 2023"]
[White "knightinshiningarmour16"]
[Black "Mazzilli, Piero"]
[BlackFideId "807087"]
[WhiteElo "2172"]
[BlackElo "2308"]
[Result "0-1"]
[Round "8"]
[TimeControl "180+1"]
[Date "2023.11.07"]
[WhiteClock "0:01:57"]
[BlackClock "0:00:28"]
[Board "158"]

1. d4 d5 2. Nf3 c6 3. c4 Nf6 4. cxd5 cxd5 5. Nc3 Nc6 6. Bf4 a6 7. e3 e6 8. Bd3 Be7 9. O-O O-O 10. a3 Bd7 11. Na4 Ne4 12. Bxe4 dxe4 13. Nd2 f5 14. b4 a5 15. Nc5 axb4 16. axb4 Rxa1 17. Qxa1 Nxb4 18. Nxb7 Qb6 19. Na5 Ra8 20. Nac4 Rxa1 21. Nxb6 Rxf1+ 22. Kxf1 Bb5+ 23. Nbc4 Nd3 24. Bc7 Nb2 25. Ke1 Nxc4 26. Nb3 Bb4+ 27. Kd1 Ba4 0-1


[Site "https://www.chess.com"]

[Event "Titled Tuesday Blitz November 07 Early 2023"]
[White "Bogaudinov, Rushan"]
[Black "Ismayilova, Khanim"]
[WhiteFideId "4129288"]
[BlackFideId "13429019"]
[WhiteElo "2304"]
[BlackElo "2153"]
[Result "1/2-1/2"]
[Round "8"]
[TimeControl "180+1"]
[Date "2023.11.07"]
[WhiteClock "0:00:54"]
[BlackClock "0:00:26"]
[Board "159"]

1. e4 c5 2. Nf3 Nc6 3. Bb5 g6 4. O-O Bg7 5. c3 e5 6. d4 cxd4 7. cxd4 Nxd4 8. Nxd4 exd4 9. e5 Ne7 10. Qxd4 O-O 11. Nc3 Nc6 12. Bxc6 dxc6 13. Qxd8 Rxd8 14. Bg5 Rd3 15. f4 Bf5 16. Rad1 h6 17. Be7 Re8 18. Rxd3 Bxd3 19. Rd1 Bc2 20. Rd8 Rxd8 21. Bxd8 Kf8 22. Kf2 Ke8 23. Bc7 Bf8 24. Ke3 Kd7 25. Bb8 Bc5+ 26. Kd2 Bf5 27. Na4 Bg1 28. h3 Be4 29. g4 Bg2 30. h4 Bf2 31. f5 Bh3 32. e6+ fxe6 33. fxg6 Bd4 34. Nc5+ Kc8 35. Nxe6 Bxb2 36. Bxa7 Bxg4 37. Nd4 Bxd4 38. Bxd4 h5 39. Ke3 Kd7 40. Kf4 Ke8 41. Kg5 Kf8 42. a4 Kg8 43. a5 Be2 44. Bc5 Bd1 45. Bd4 Be2 46. Kf6 Bd1 47. Ke7 Be2 48. Kd6 Bd3 49. Kc7 Ba6 50. Kb6 Kf8 51. Bf6 Kg8 52. Kc5 Kf8 53. Kd6 Kg8 54. Ke5 Bd3 55. g7 Bc4 56. Kf5 Ba6 57. Kg5 Be2 58. Bd4 Bd1 59. Kf6 Be2 60. Ke5 Bd1 61. Kf4 Be2 62. Ke3 Bd1 63. Bc3 Bg4 64. Kd3 Bf3 65. Ke3 Bg4 66. Kd4 Be2 67. Kc5 Bd3 68. Kb6 Ba6 69. Bd4 Kf7 70. Bb2 Kg8 71. Kc7 Kf7 72. Kd7 Kg8 73. Ke7 Bc4 74. Kf6 Bd3 75. Bc3 Be2 76. Kg6 Bd1 77. Kh6 Be2 78. Kg5 Bd1 79. Kf4 Be2 80. Ke3 Bf1 81. Ke4 Be2 82. Kf4 Bd1 83. Ke3 Bg4 1/2-1/2


[Site "https://www.chess.com"]

[Event "Titled Tuesday Blitz November 07 Early 2023"]
[White "ChessDojo"]
[Black "Schut, Han"]
[BlackFideId "1005561"]
[WhiteElo "2145"]
[BlackElo "2297"]
[Result "0-1"]
[Round "8"]
[TimeControl "180+1"]
[Date "2023.11.07"]
[WhiteClock "0:01:44"]
[BlackClock "0:00:25"]
[Board "160"]

1. d4 Nf6 2. c4 g6 3. g3 Bg7 4. Bg2 d5 5. Nf3 O-O 6. O-O dxc4 7. Qa4 Nc6 8. Qxc4 Be6 9. Qd3 Bf5 10. Qd2 Ne4 11. Qd1 Nxd4 12. Nxd4 Qxd4 13. Nc3 Nxc3 14. bxc3 Qxc3 15. e4 Qxa1 16. exf5 c6 17. Qb3 Rad8 18. fxg6 hxg6 19. Ba3 Qe5 20. Qxb7 Rd2 21. Bxe7 Rb8 22. Qxa7 Rbb2 23. Qc5 Qd4 24. Qxd4 Bxd4 25. Bxc6 Bxf2+ 26. Rxf2 Rxf2 27. Bd5 Rfd2 28. Bb3 Rb1+ 0-1


[Site "https://www.chess.com"]

[Event "Titled Tuesday Blitz November 07 Early 2023"]
[White "Rasmussen, Casper"]
[Black "Mohammadian,Mohammad"]
[WhiteFideId "1402005"]
[BlackFideId "12566055"]
[WhiteElo "2295"]
[BlackElo "1912"]
[Result "1-0"]
[Round "8"]
[TimeControl "180+1"]
[Date "2023.11.07"]
[WhiteClock "0:00:14"]
[BlackClock "0:00:00"]
[Board "161"]

1. c4 Nf6 2. g3 g6 3. Bg2 Bg7 4. Nc3 c6 5. d3 d5 6. cxd5 cxd5 7. Bg5 e6 8. Qd2 Nc6 9. Nf3 Qb6 10. O-O O-O 11. a3 Re8 12. Rab1 a6 13. b4 Bd7 14. Na4 Qc7 15. Nc5 b6 16. Nxd7 Qxd7 17. Rfc1 Rec8 18. Rd1 Ne7 19. Ne5 Qe8 20. Rdc1 Nf5 21. Rxc8 Rxc8 22. Rc1 Nd7 23. Nxd7 Qxd7 24. Rxc8+ Qxc8 25. e4 dxe4 26. dxe4 Nd4 27. Be3 e5 28. h3 b5 29. Kh2 Qc4 30. f4 exf4 31. gxf4 Ne6 32. e5 Qc7 33. Qd6 Qxd6 34. exd6 Kf8 35. Bb7 Ke8 36. Bxa6 Kd7 37. Bc5 Nxf4 38. Bxb5+ Kc8 39. d7+ Kc7 40. Bb6+ Kxb6 41. d8=Q+ Kxb5 42. Qd7+ Kc4 43. Qc7+ Kb3 44. Qxf4 Kxa3 45. b5 1-0


[Site "https://www.chess.com"]

[Event "Titled Tuesday Blitz November 07 Early 2023"]
[White "Belov, Alexei"]
[Black "parintele_chess"]
[WhiteFideId "4128206"]
[WhiteElo "2573"]
[BlackElo "2223"]
[Result "1-0"]
[Round "8"]
[TimeControl "180+1"]
[Date "2023.11.07"]
[WhiteClock "0:01:35"]
[BlackClock "0:00:00"]
[Board "162"]

1. e4 c5 2. Nf3 Nc6 3. d4 cxd4 4. Nxd4 Nf6 5. Nc3 h5 6. Be2 h4 7. h3 e5 8. Ndb5 d6 9. Bg5 Be7 10. Bxf6 gxf6 11. Nd5 Qa5+ 12. c3 Kf8 13. Nxe7 Nxe7 14. Qxd6 Be6 15. Nc7 Rc8 16. Nxe6+ fxe6 17. Qxe6 Rc6 18. Qg4 Rg8 19. Qxh4 Rxg2 20. Kf1 Rg8 21. Rd1 Qc7 22. Qh6+ Ke8 23. Bh5+ 1-0


[Site "https://www.chess.com"]

[Event "Titled Tuesday Blitz November 07 Early 2023"]
[White "Skaric, Djuro"]
[Black "Sviridova, Vlada"]
[WhiteFideId "934569"]
[BlackFideId "24109606"]
[WhiteElo "2324"]
[BlackElo "2196"]
[Result "1-0"]
[Round "8"]
[TimeControl "180+1"]
[Date "2023.11.07"]
[WhiteClock "0:01:15"]
[BlackClock "0:00:00"]
[Board "163"]

1. g3 d5 2. Bg2 Nf6 3. d3 c6 4. Nf3 Bg4 5. O-O e6 6. h3 Bh5 7. Nc3 Be7 8. Bf4 Nbd7 9. Ne5 O-O 10. g4 Bg6 11. e4 Nxe5 12. Bxe5 Nd7 13. Bf4 e5 14. Bd2 d4 15. Ne2 h5 16. f4 hxg4 17. f5 gxh3 18. Bf3 Bh7 19. Kh2 Bg5 20. Rg1 Bxd2 21. Qxd2 Kh8 22. Rg3 Rg8 23. Rxh3 g5 24. Rg1 Rg7 25. Ng3 g4 26. Nh5 gxh3 27. Rxg7 Qh4 28. Qh6 Qf2+ 29. Kxh3 Qxf3+ 30. Kh4 Qh1+ 31. Kg4 Qg1+ 32. Ng3 Qd1+ 33. Kh4 Nf8 34. Qf6 1-0


[Site "https://www.chess.com"]

[Event "Titled Tuesday Blitz November 07 Early 2023"]
[White "DonCiao"]
[Black "Vifleemskaia, Svetlana"]
[BlackFideId "4129490"]
[WhiteElo "2136"]
[BlackElo "2270"]
[Result "1/2-1/2"]
[Round "8"]
[TimeControl "180+1"]
[Date "2023.11.07"]
[WhiteClock "0:00:13"]
[BlackClock "0:00:07"]
[Board "164"]

1. c4 c5 2. g3 Nf6 3. Bg2 d5 4. cxd5 Nxd5 5. Nc3 Nc7 6. Nf3 Nc6 7. O-O e5 8. a3 Be7 9. b4 cxb4 10. axb4 Nxb4 11. Nxe5 O-O 12. Ba3 Nba6 13. Bxe7 Qxe7 14. d4 Qb4 15. Qc2 Qxd4 16. Nf3 Qc5 17. Rfc1 Rb8 18. Qb3 Qb4 19. Qxb4 Nxb4 20. Rxa7 Ncd5 21. Nxd5 Nxd5 22. Nd4 Be6 23. e4 Nf6 24. Nxe6 fxe6 25. Rc7 Rf7 26. Rc4 e5 27. Rb4 Ng4 28. f3 Nf6 29. Bh3 Re7 30. Rb6 Kf7 31. Kf2 g5 32. Bf1 g4 33. Bc4+ Kg7 34. Ra5 gxf3 35. Kxf3 Rc8 36. Rb4 Rec7 37. Be6 Rc3+ 38. Kg2 R8c7 39. Rxe5 Re7 40. h4 h6 41. Rbb5 Re3 42. Bf5 Rxe5 43. Rxe5 Kf7 44. Rb5 Nxe4 45. Rxb7+ Kf6 46. Bxe4 Rxe4 47. Rb6+ Kg7 48. Kh3 Rd4 49. h5 Rd5 50. Rg6+ Kh7 51. g4 Rd3+ 52. Kg2 Rd2+ 53. Kf3 Rd1 54. Ke4 Rf1 55. Ke5 Rf7 56. Ke6 Ra7 57. g5 hxg5 58. Rxg5 Ra6+ 59. Kf7 Ra7+ 60. Kf8 Ra8+ 61. Kf7 Ra7+ 62. Kf8 Ra8+ 63. Kf7 Ra7+ 1/2-1/2


[Site "https://www.chess.com"]

[Event "Titled Tuesday Blitz November 07 Early 2023"]
[White "katharinareinecke"]
[Black "Kula, Robert"]
[BlackFideId "1101218"]
[WhiteElo "1923"]
[BlackElo "2247"]
[Result "0-1"]
[Round "8"]
[TimeControl "180+1"]
[Date "2023.11.07"]
[WhiteClock "0:00:28"]
[BlackClock "0:00:45"]
[Board "165"]

1. d4 d5 2. c4 c6 3. Nf3 e6 4. g3 f5 5. Bg2 Nf6 6. O-O Be7 7. b3 O-O 8. Ba3 Bd7 9. Bxe7 Qxe7 10. Nc3 Be8 11. Ne5 Nbd7 12. f4 Bh5 13. Qc2 Rac8 14. Qb2 Rfd8 15. cxd5 exd5 16. Rac1 Nf8 17. Qc2 g6 18. Qd2 Ne6 19. Rc2 Qb4 20. Rfc1 Qxd4+ 21. e3 Qxd2 22. Rxd2 Ne4 23. Nxe4 dxe4 24. Rcc2 Bd1 25. Rb2 Nc5 26. Bf1 Kg7 27. Bc4 Kf6 28. b4 Na4 29. Rxd8 Rxd8 30. Rf2 Nc3 31. g4 Bxg4 32. Nxg4+ fxg4 33. a3 Rd1+ 34. Kg2 Re1 35. Kg3 h5 36. Kh4 Rxe3 37. Rd2 Rh3# 0-1


[Site "https://www.chess.com"]

[Event "Titled Tuesday Blitz November 07 Early 2023"]
[White "Ghosh, Chanchal Kumer"]
[Black "Cappelletto, Joshuaede"]
[WhiteFideId "10201858"]
[BlackFideId "2824383"]
[WhiteElo "1970"]
[BlackElo "2627"]
[Result "0-1"]
[Round "8"]
[TimeControl "180+1"]
[Date "2023.11.07"]
[WhiteClock "0:00:08"]
[BlackClock "0:01:26"]
[Board "166"]

1. e4 c5 2. Nf3 d6 3. d4 cxd4 4. Nxd4 Nf6 5. Nc3 g6 6. Be2 Bg7 7. Be3 O-O 8. O-O Nc6 9. f4 Bd7 10. Bf3 Rc8 11. Nxc6 Bxc6 12. Qd2 Qa5 13. Rad1 Rfe8 14. Bd4 b5 15. Nd5 Qxd2 16. Nxf6+ exf6 17. Rxd2 Bxe4 18. Bxe4 Rxe4 19. Bxa7 f5 20. c3 Ra8 21. Bf2 Rxa2 22. g3 Bxc3 23. Rxd6 Rxb2 24. Rc1 b4 25. Rd8+ Kg7 26. Bc5 Ree2 27. Bf8+ Kf6 28. Rd6+ Re6 29. Rcd1 b3 30. Rxe6+ fxe6 31. Rd7 e5 32. Rxh7 Rc2 33. fxe5+ Bxe5 34. Bg7+ Ke6 35. Bxe5 Kxe5 36. Re7+ Kf6 37. Rc7 Rxc7 0-1


[Site "https://www.chess.com"]

[Event "Titled Tuesday Blitz November 07 Early 2023"]
[White "Flis, Pawel"]
[Black "rikchessmx"]
[WhiteFideId "1112864"]
[WhiteElo "2108"]
[BlackElo "2345"]
[Result "0-1"]
[Round "8"]
[TimeControl "180+1"]
[Date "2023.11.07"]
[WhiteClock "0:00:52"]
[BlackClock "0:02:10"]
[Board "167"]

1. e4 c5 2. d4 e6 3. Nf3 cxd4 4. Nxd4 a6 5. Bd3 Qc7 6. O-O Nf6 7. Qe2 h5 8. c4 Bc5 9. Nf3 Nc6 10. Nc3 Ng4 11. h3 Nd4 0-1


[Site "https://www.chess.com"]

[Event "Titled Tuesday Blitz November 07 Early 2023"]
[White "Fajdetic, Hrvoje"]
[Black "Osiecki, Stanislaw"]
[WhiteFideId "14501945"]
[BlackFideId "1102990"]
[WhiteElo "2321"]
[BlackElo "2104"]
[Result "0-1"]
[Round "8"]
[TimeControl "180+1"]
[Date "2023.11.07"]
[WhiteClock "0:00:10"]
[BlackClock "0:00:08"]
[Board "168"]

1. d4 Nf6 2. Bf4 d5 3. e3 e6 4. Nf3 Bd6 5. Bg3 Nh5 6. Nbd2 Nxg3 7. hxg3 h6 8. g4 Nd7 9. g5 Qe7 10. gxh6 Rxh6 11. Rxh6 gxh6 12. c4 c6 13. Qb3 Bb4 14. O-O-O Nf6 15. a3 Bxd2+ 16. Rxd2 Ne4 17. Rc2 b6 18. Bd3 Bd7 19. Bxe4 dxe4 20. Ne5 f6 21. Ng6 Qg7 22. Nf4 e5 23. dxe5 fxe5 24. Qc3 O-O-O 25. c5 Rg8 26. Ne2 Qxg2 27. b3 Qxf2 28. Qxe5 Qxe3+ 29. Kb2 Qg5 30. Qh2 b5 31. Nd4 Qf6 32. Qd2 Bf5 33. Qc3 Qe6 34. Nxe6 Bxe6 35. Qe5 Bd5 36. Rd2 Rd8 37. Qxe4 Bxe4 38. Re2 Bd5 39. Kc3 Rd7 40. b4 Rh7 41. Rd2 h5 42. Rh2 h4 43. Kd4 h3 44. Ke5 Bg2 45. Kd6 Rh6+ 46. Ke5 Rh4 47. Kf5 Rc4 48. Kg5 Rc3 49. Kg4 Rxa3 50. Kf5 Rb3 51. Ke6 Rxb4 52. Kd6 Rc4 53. Ke5 a5 54. Kd6 a4 0-1


[Site "https://www.chess.com"]

[Event "Titled Tuesday Blitz November 07 Early 2023"]
[White "Yushko, Olga"]
[Black "Minina, Veronika"]
[WhiteFideId "14114500"]
[BlackFideId "4174780"]
[WhiteElo "2081"]
[BlackElo "2298"]
[Result "1-0"]
[Round "8"]
[TimeControl "180+1"]
[Date "2023.11.07"]
[WhiteClock "0:00:37"]
[BlackClock "0:00:33"]
[Board "169"]

1. d4 Nf6 2. c4 g6 3. Nc3 Bg7 4. Nf3 d6 5. Bg5 O-O 6. e3 h6 7. Bh4 c5 8. Be2 Qa5 9. O-O cxd4 10. exd4 Nc6 11. a3 Bg4 12. b4 Qh5 13. Bxf6 Bxf6 14. Nd5 Bg7 15. Nf4 Qf5 16. Nd5 e6 17. Ne3 Qh5 18. h3 Bxf3 19. Bxf3 Qh4 20. Bxc6 bxc6 21. Nc2 c5 22. Qe2 cxd4 23. Rfd1 d3 24. Qxd3 Bxa1 25. Rxa1 Rac8 26. Ne3 Rfd8 27. Rc1 d5 28. c5 d4 29. Ng4 h5 30. Ne5 Qg5 31. Re1 Rd5 32. Nf3 Qf5 33. Re4 Qf6 34. Rxd4 Rxd4 35. Qxd4 Qxd4 36. Nxd4 Kf8 37. Kf1 Ke7 38. Ke2 a5 39. Kd3 axb4 40. axb4 e5 41. Nf3 Ke6 42. Kc4 f5 43. b5 e4 44. Nd4+ Ke5 45. b6 f4 46. b7 Rf8 47. b8=Q+ Rxb8 48. Nc6+ Ke6 49. Nxb8 e3 50. fxe3 fxe3 51. Kd3 Kd5 52. Na6 Kc6 53. Kxe3 Kb5 54. Nc7+ Kxc5 55. Ne6+ Kd6 56. Nf4 g5 57. Nxh5 Ke5 58. Ng3 Kf6 59. Kf3 Kg6 60. Kg4 Kf6 61. Ne4+ 1-0


[Site "https://www.chess.com"]

[Event "Titled Tuesday Blitz November 07 Early 2023"]
[White "Zampronha, Wladimir Camilo"]
[Black "Winkels, Marcel"]
[WhiteFideId "2103087"]
[BlackFideId "1003887"]
[WhiteElo "2297"]
[BlackElo "2063"]
[Result "1-0"]
[Round "8"]
[TimeControl "180+1"]
[Date "2023.11.07"]
[WhiteClock "0:01:31"]
[BlackClock "0:01:38"]
[Board "170"]

1. e4 c5 2. Nf3 d6 3. d4 cxd4 4. Nxd4 Nf6 5. Nc3 a6 6. Bg5 e6 7. f4 Be7 8. Qf3 Qc7 9. O-O-O Nbd7 10. Bd3 h6 11. Bxf6 Bxf6 12. Nde2 b5 13. e5 Bb7 14. Be4 d5 15. exf6 dxe4 16. fxg7 Rg8 17. Nxe4 O-O-O 18. Nd6+ Qxd6 19. Rxd6 Bxf3 20. gxf3 Rxg7 21. Rxa6 Rg2 22. Nc3 Kb7 23. Rd6 Kc7 24. Rhd1 b4 25. Nb5+ Kc8 26. Na7+ Kc7 27. Nc6 Nc5 28. Nxd8 1-0


[Site "https://www.chess.com"]

[Event "Titled Tuesday Blitz November 07 Early 2023"]
[White "Gyulamiryan-koryun"]
[Black "Barbot, Pierre"]
[BlackFideId "663727"]
[WhiteElo "1886"]
[BlackElo "2280"]
[Result "0-1"]
[Round "8"]
[TimeControl "180+1"]
[Date "2023.11.07"]
[WhiteClock "0:00:00"]
[BlackClock "0:00:12"]
[Board "171"]

1. e4 c6 2. Nc3 d5 3. Nf3 dxe4 4. Nxe4 Nf6 5. Ng3 g6 6. Be2 Bg7 7. O-O O-O 8. c3 h5 9. h4 Bg4 10. Ng5 Nbd7 11. d4 Qc7 12. N3e4 Rad8 13. g3 Bxe2 14. Qxe2 Ng4 15. Bf4 e5 16. dxe5 Bxe5 17. Bxe5 Qxe5 18. Rae1 Rfe8 19. f4 Qf5 20. Qc4 Nb6 21. Qb3 Nd5 22. Qxb7 Nge3 23. Rf3 Rxe4 24. Nxe4 Qxe4 25. Kf2 Re8 26. Rexe3 Nxe3 27. Qd7 Ng4+ 0-1


[Site "https://www.chess.com"]

[Event "Titled Tuesday Blitz November 07 Early 2023"]
[White "Hartikainen, Jarmo"]
[Black "Chxss_Khxsbu"]
[WhiteFideId "503134"]
[WhiteElo "2177"]
[BlackElo "1860"]
[Result "0-1"]
[Round "8"]
[TimeControl "180+1"]
[Date "2023.11.07"]
[WhiteClock "0:00:04"]
[BlackClock "0:00:13"]
[Board "172"]

1. e4 e5 2. Nf3 Nf6 3. d4 Nxe4 4. Bd3 Nc6 5. d5 Nc5 6. dxc6 e4 7. O-O exd3 8. cxd3 dxc6 9. Re1+ Be7 10. Ne5 O-O 11. Nc3 Bf5 12. d4 Ne6 13. Be3 Bf6 14. Qf3 Bg6 15. Red1 Bxe5 16. dxe5 Qh4 17. Rd7 Rfd8 18. Rad1 Bh5 19. Rxd8+ Nxd8 20. Qf4 Qxf4 21. Bxf4 Bxd1 22. Nxd1 Ne6 23. Be3 Rd8 24. Nc3 b6 25. g3 Nd4 26. Kg2 c5 27. Ne4 Rd5 28. f4 Nf5 29. Bd2 Rd4 30. Kf3 Rd3+ 31. Ke2 Rd8 32. Bc3 Nd4+ 33. Ke3 Nc2+ 34. Ke2 Nd4+ 35. Ke3 Nb5 36. g4 Nxc3 37. Nxc3 c4 38. Ke4 c6 39. f5 Kf8 40. Ke3 Ke7 41. h4 Rd3+ 42. Ke2 Rg3 43. f6+ gxf6 44. exf6+ Ke6 45. Ne4 Rxg4 46. Ng5+ Kxf6 47. Nxh7+ Kg7 48. Ng5 Rxh4 49. Nf3 Re4+ 50. Kd2 f5 51. Ng5 Re5 52. Nf3 Rd5+ 53. Ke2 Kf6 54. Ne1 f4 55. Nf3 Kf5 56. Kf2 Ke4 57. Ng5+ Rxg5 58. Kf1 f3 59. Kf2 Rg2+ 60. Kf1 Ke3 61. a3 Rxb2 62. Kg1 f2+ 63. Kg2 Rb1 64. Kg3 f1=Q 65. Kg4 Qf4+ 66. Kh3 Rh1+ 67. Kg2 Qh2# 0-1


[Site "https://www.chess.com"]

[Event "Titled Tuesday Blitz November 07 Early 2023"]
[White "Todev, Simeon"]
[Black "Petersson, Kjell"]
[WhiteFideId "2925133"]
[BlackFideId "1705148"]
[WhiteElo "2348"]
[BlackElo "2135"]
[Result "1-0"]
[Round "8"]
[TimeControl "180+1"]
[Date "2023.11.07"]
[WhiteClock "0:00:04"]
[BlackClock "0:00:03"]
[Board "173"]

1. e4 c5 2. Nf3 d6 3. c3 Nf6 4. Bd3 Bg4 5. Bc2 Nc6 6. O-O g6 7. d3 Bg7 8. Nbd2 O-O 9. Re1 Nd7 10. h3 Bxf3 11. Nxf3 e5 12. Be3 b6 13. d4 exd4 14. cxd4 Rc8 15. Ba4 Re8 16. Bg5 Qc7 17. dxc5 dxc5 18. Qd2 Nd4 19. Nxd4 Bxd4 20. Rad1 a6 21. Bb3 Nf6 22. Qd3 Rcd8 23. Qf3 Qe5 24. Bf4 Qe7 25. e5 Nh5 26. e6 f5 27. Bg5 Bf6 28. Rd7 Bxg5 29. Rxe7 Rxe7 30. Rd1 Rde8 31. Rd7 Nf6 32. Rxe7 Rxe7 33. Qa8+ Re8 34. Qxa6 Rb8 35. Qa7 Re8 36. Qf7+ Kh8 37. e7 b5 38. Qf8+ Rxf8 39. exf8=Q+ Ng8 40. Qxg8# 1-0


[Site "https://www.chess.com"]

[Event "Titled Tuesday Blitz November 07 Early 2023"]
[White "Sakun, Volodymyr"]
[Black "Fernandez Hernandez, Gerardo"]
[WhiteFideId "14114062"]
[BlackFideId "2207400"]
[WhiteElo "2621"]
[BlackElo "2119"]
[Result "1-0"]
[Round "8"]
[TimeControl "180+1"]
[Date "2023.11.07"]
[WhiteClock "0:00:37"]
[BlackClock "0:00:00"]
[Board "174"]

1. e4 e6 2. d4 d5 3. e5 c5 4. c3 Nc6 5. Nf3 Qb6 6. a3 f6 7. Bd3 fxe5 8. Nxe5 Nf6 9. O-O Bd6 10. Re1 cxd4 11. Nxc6 bxc6 12. cxd4 O-O 13. Nc3 Bd7 14. Na4 Qc7 15. h3 e5 16. dxe5 Bxe5 17. Be3 Rab8 18. Qc2 Rbe8 19. Nc5 Bc8 20. Rac1 Kh8 21. b4 d4 22. Bd2 h6 23. Bg6 Re7 24. Nd3 Bd6 25. Qxc6 Rxe1+ 26. Bxe1 Qxc6 27. Rxc6 Bb8 28. Nc5 Rd8 29. Bd3 Nd5 30. Ba6 Bxa6 31. Rxa6 Nf4 32. Bd2 Nd5 33. Nd3 Nb6 34. a4 1-0


[Site "https://www.chess.com"]

[Event "Titled Tuesday Blitz November 07 Early 2023"]
[White "abelmat"]
[Black "Awoki, Daniel Teidi"]
[BlackFideId "2100827"]
[WhiteElo "1964"]
[BlackElo "2275"]
[Result "0-1"]
[Round "8"]
[TimeControl "180+1"]
[Date "2023.11.07"]
[WhiteClock "0:00:45"]
[BlackClock "0:01:44"]
[Board "175"]

1. d4 Nf6 2. c4 g6 3. Nc3 d5 4. g3 Bg7 5. Bg2 dxc4 6. Nf3 O-O 7. O-O c5 8. d5 e6 9. dxe6 Bxe6 10. Be3 Qa5 11. Ng5 Nc6 12. Nxe6 fxe6 13. Qd6 Rfe8 14. Qxc5 Qxc5 15. Bxc5 Rac8 16. Be3 a6 17. Rad1 Kf7 18. Na4 b5 19. Nc5 a5 20. Nd7 Nxd7 21. Rxd7+ Re7 22. Rfd1 Ne5 23. Bg5 Rxd7 24. Rxd7+ Nxd7 25. Bc1 b4 26. b3 c3 27. Bb7 Rc7 28. Ba6 Nc5 29. Bb5 Rb7 30. Bc4 Rd7 31. Be3 Rd1+ 32. Kg2 c2 0-1


[Site "https://www.chess.com"]

[Event "Titled Tuesday Blitz November 07 Early 2023"]
[White "Kiseljova, Marya"]
[Black "Viasus, Juan Diego"]
[WhiteFideId "4155009"]
[BlackFideId "4464346"]
[WhiteElo "2205"]
[BlackElo "1412"]
[Result "1-0"]
[Round "8"]
[TimeControl "180+1"]
[Date "2023.11.07"]
[WhiteClock "0:00:03"]
[BlackClock "0:00:00"]
[Board "176"]

1. d4 Nf6 2. c4 c5 3. d5 b5 4. Qc2 g6 5. e4 d6 6. Nf3 Bg7 7. Nc3 b4 8. Nd1 O-O 9. Bd3 Nbd7 10. O-O a5 11. a3 a4 12. axb4 cxb4 13. Rxa4 Rxa4 14. Qxa4 Nc5 15. Qc2 b3 16. Qb1 Nxd3 17. Qxd3 Ba6 18. Qxb3 Nxe4 19. Qc2 f5 20. Re1 Qa5 21. Bd2 Nxd2 22. Nxd2 Rc8 23. Rxe7 Rb8 24. b3 Bh6 25. Nf3 Qa1 26. h4 Qa3 27. Nd4 Qa1 28. Ne6 Qe5 29. Nc3 Qe1+ 30. Kh2 Bf4+ 31. g3 Be5 32. Nd1 f4 33. Kg2 fxg3 34. Qd3 Rf8 35. f3 Rf7 36. Re8+ 1-0


[Site "https://www.chess.com"]

[Event "Titled Tuesday Blitz November 07 Early 2023"]
[White "Duda, Jan-Krzysztof"]
[Black "Pranav, V"]
[WhiteFideId "1170546"]
[BlackFideId "25060783"]
[WhiteElo "3086"]
[BlackElo "3085"]
[Result "1-0"]
[Round "9"]
[TimeControl "180+1"]
[Date "2023.11.07"]
[WhiteClock "0:01:08"]
[BlackClock "0:00:07"]
[Board "1"]

1. d4 Nf6 2. Bg5 Ne4 3. Bf4 c5 4. e3 Qb6 5. Bd3 Nf6 6. Nc3 cxd4 7. exd4 d6 8. Qd2 g6 9. Nge2 Bg7 10. O-O-O Nc6 11. Bh6 O-O 12. h4 Nb4 13. Bxg7 Kxg7 14. h5 Nxd3+ 15. Qxd3 Bf5 16. Qe3 Rac8 17. hxg6 fxg6 18. f3 h5 19. g4 hxg4 20. fxg4 Bxg4 21. Rdg1 Kf7 22. Rxg4 Nxg4 23. Rh7+ Kg8 24. Qxe7 Rf1+ 25. Kd2 Rc7 26. Rg7+ Kh8 27. Qxc7 1-0


[Site "https://www.chess.com"]

[Event "Titled Tuesday Blitz November 07 Early 2023"]
[White "Bluebaum, Matthias"]
[Black "Sethuraman, S.P."]
[WhiteFideId "24651516"]
[BlackFideId "5021596"]
[WhiteElo "3074"]
[BlackElo "2919"]
[Result "1-0"]
[Round "9"]
[TimeControl "180+1"]
[Date "2023.11.07"]
[WhiteClock "0:01:58"]
[BlackClock "0:00:16"]
[Board "2"]

1. d4 d5 2. c4 e6 3. Nc3 Nf6 4. cxd5 exd5 5. Bg5 Bb4 6. Qb3 c5 7. dxc5 Nc6 8. O-O-O Qa5 9. Bxf6 gxf6 10. Nxd5 Qxc5+ 11. Qc2 Qxc2+ 12. Kxc2 Bf5+ 13. Kc1 Rc8 14. Nxf6+ Kf8 15. e4 Be7 16. exf5 Bxf6 17. Kb1 Nd4 18. Bd3 Rg8 19. g3 Rc5 20. Ne2 Nxe2 21. Bxe2 Rxf5 22. f4 b5 23. Bd3 Rh5 24. Be2 Rc5 25. Rc1 Rxc1+ 26. Rxc1 Kg7 27. Rc7 Re8 28. Bxb5 Rb8 29. Bc4 Rxb2+ 30. Kc1 Rxh2 31. Rxf7+ Kg6 32. Rxa7 Bd4 33. Bd3+ Kf6 34. Rxh7 Rxh7 35. Bxh7 Bf2 36. g4 Be3+ 37. Kc2 Bxf4 38. Kd3 Ke5 39. Kc4 Kd6 40. a4 Bd2 41. Kb5 Kc7 42. a5 Be3 43. Be4 Bd2 44. a6 Kb8 45. Kc6 Ka7 46. Bd3 Bg5 47. Kd5 Bd2 48. Ke6 Kb6 49. Kf5 Kc7 50. g5 Bc3 51. Ke6 Kb6 52. g6 Bg7 53. Kf7 Ba1 54. g7 1-0


[Site "https://www.chess.com"]

[Event "Titled Tuesday Blitz November 07 Early 2023"]
[White "Le, Quang Liem"]
[Black "Melkumyan, Hrant"]
[WhiteFideId "12401137"]
[BlackFideId "13302485"]
[WhiteElo "3066"]
[BlackElo "2914"]
[Result "1-0"]
[Round "9"]
[TimeControl "180+1"]
[Date "2023.11.07"]
[WhiteClock "0:00:05"]
[BlackClock "0:00:01"]
[Board "3"]

1. Nf3 d5 2. e3 Nf6 3. c4 e6 4. b3 c5 5. Bb2 Nc6 6. cxd5 exd5 7. Bb5 Bd7 8. O-O Be7 9. d4 cxd4 10. Nxd4 O-O 11. Nc3 Ne5 12. Rc1 a6 13. Bxd7 Qxd7 14. Na4 Rac8 15. Rxc8 Qxc8 16. Qb1 Re8 17. Rc1 Qd8 18. Qf5 Bd6 19. h3 Ne4 20. Qh5 Nd3 21. Rc2 b5 22. Nc3 Re5 23. Qe2 Ndxf2 24. Nxe4 Nxe4 25. Nc6 Ng3 26. Qf3 Rxe3 27. Qxe3 Qd7 28. Ne5 Qf5 29. Qd3 Ne4 30. Nf3 h6 31. Bd4 f6 32. Rc6 Bf4 33. Rxa6 Qg6 34. Ra8+ Kh7 35. Be3 Bd6 36. Qxd5 Bg3 37. Qg8# 1-0


[Site "https://www.chess.com"]